 Dungeon Crawl Stone Soup version 0.20-a0-700-gbd4582c (console) character file.

8080 nht the Brawler (level 11, 0/97 HPs)
             Began as a Troll Fighter on Feb 20, 2017.
             Was a Follower of Uskayaw.
             Succumbed to a meliai's poison
             ... on level 8 of the Dungeon.
             The game lasted 00:17:16 (8214 turns).

nht the Brawler (Troll Fighter)                     Turns: 8214, Time: 00:17:18

Health: 0/97       AC: 10    Str: 29    XL:     11   Next: 5%
Magic:  2/10       EV:  8    Int:  4    God:    Uskayaw [*.....]
Gold:   455        SH: 11    Dex: 12    Spells: 10/10 levels left

rFire    . . .     SeeInvis +     - Unarmed
rCold    . . .     Gourm    +   M - +1 robe of the Four Dreams {Dex+3} (curse)
rNeg     . . .     Faith    .   b - +1 shield
rPois    .         Spirit   +   G - +1 hat
rElec    .         Reflect  .   x - +2 cloak
rCorr    .         Harm     .   (gloves unavailable)
MR       .....                  (boots unavailable)
Stlth    +.........             n - amulet of guardian spirit
Regen    0.7/turn               (no ring)
MPRegen  0.2/turn               f - ring of see invisible

@: lethally poisoned (0 -> -10), very slightly contaminated, invisible
A: unfitting armour, claws 3, fast metabolism 3, gourmand, regeneration 1,
shaggy fur 1, tough skin 2
a: Stomp, Renounce Religion


You were on level 8 of the Dungeon.
You worshipped Uskayaw.
Uskayaw was noncommittal.
You were completely stuffed.

You visited 2 branches of the dungeon, and saw 11 of its levels.
You also visited: Sewer and Ossuary.

You collected 455 gold pieces.

Inventory:

Hand Weapons
 J - the +5 hunting sling "Demon's Undoing" {venom, rElec Str+3 Dex+3 Stlth+, unknown}
   (You found it on level 9 of the Dungeon)

   It poisons the ammo it fires.
   It affects your strength (+3).
   It affects your dexterity (+3).
   It insulates you from electricity.
   It makes you more stealthy.
Missiles
 C - 9 tomahawks (quivered)
Armour
 b - a +1 shield (worn)
 x - a +2 cloak (worn)
 G - a +1 hat (worn)
 M - the cursed +1 robe of the Four Dreams (worn) {Dex+3}
   (You found it on level 10 of the Dungeon)

   It affects your dexterity (+3).
   It has a curse placed upon it.
Jewellery
 f - a ring of see invisible (left claw)
 n - an amulet of guardian spirit (around neck)
Wands
 h - a wand of disintegration (14/24)
 u - a wand of iceblast (8/15)
 w - a wand of random effects (15/48)
 z - a wand of clouds (0/9)
Scrolls
 g - a scroll of enchant armour
 i - 3 scrolls of identify
 j - 2 scrolls of amnesia
 p - 3 scrolls of fear
 y - 6 scrolls of teleportation {unknown}
 A - 2 scrolls of magic mapping
 B - 2 scrolls of remove curse
 D - 2 scrolls of recharging {unknown}
 I - a scroll of random uselessness {unknown}
 L - a scroll of blinking
Potions
 k - 4 potions of curing
 l - 2 potions of cancellation
 o - 2 potions of heal wounds
 q - a potion of invisibility
 r - 2 potions of mutation {unknown}
 s - 7 potions of degeneration {unknown}
 v - 3 potions of flight {unknown}
 F - 2 potions of haste
 H - a potion of lignification {unknown}
Books
 t - a book of Battle

   Spells                             Type                      Level
   a - Infusion                       Charms                       1
   b - Shroud of Golubria             Charms/Translocation         2
   c - Song of Slaying                Charms                       2
   d - Spectral Weapon                Hexes/Charms                 3
   e - Regeneration                   Charms/Necromancy            3
Comestibles
 a - 11 chunks of flesh
 c - 6 meat rations
 d - 5 bread rations
 m - 5 royal jellies
 E - 11 fruits


   Skills:
 + Level 3.3 Fighting
 + Level 2.5 Throwing
 - Level 2.4 Dodging
 + Level 3.5 Shields
 + Level 15.5 Unarmed Combat


You had 10 spell levels left.
You didn't know any spells.

Dungeon Overview and Level Annotations

Branches:
Dungeon (10/15)            Temple (1/1) D:5            Lair (0/6) D:9
    Orc: D:9-12

Altars:
Ashenzari
Cheibriados
Dithmenos
Elyvilon
Fedhas
Gozag
Hepliaklqana Ieoh Jian
Kikubaaqudgha
Makhleb
Nemelex Xobeh
Okawaru
Qazlal
Ru
Sif Muna
Trog
Uskayaw
Vehumet
Xom
Yredelemnul
Zin
The Shining One

Shops:
D:6 (   D:8 *


Innate Abilities, Weirdness & Mutations

You are too large for most types of armour.
You have claws for hands.
Your metabolism is lightning-fast.
You like to eat raw meat.
Your natural rate of healing is unusually fast.
You are covered in fur. (AC +1)
You have very tough skin. (AC +2)


Message History

Blink to where?
Press: ? - help, Dir - move target cursor
As you read the scroll of blinking, it crumbles to dust.
* * * LOW HITPOINT WARNING * * *
You feel very sick.
* * * LOW HITPOINT WARNING * * *
You feel sick.
* * * LOW HITPOINT WARNING * * *
You feel very sick.
* * * LOW HITPOINT WARNING * * *
You feel sick.
The meliai calls upon its god to heal something.
There is a stone staircase leading up here.
* * * LOW HITPOINT WARNING * * *
You feel sick. The meliai closely misses you. You block the meliai's attack.
The meliai calls upon its god to heal something.
You block the meliai's attack.
The meliai stings you but does no damage.
You climb upwards.
You die...

█.█ ███.███.█.████ █.█ █.█
█.'.'.█...███████.█
█.██████.███.█.........█
█████.██.█_'.'.█.█.....█████
.........███████.███.█.██
.██......█ █..██.███.█..███
.........███..██.██.......█
.██.█.██........y██...≈...█
.██....█.███....@██.......█
.██.███.......██.██.█.∩.≈.██████
.█.██ ██....█.██.██............█
.█.█ █..█..<........§....███.█
██.██ ██(..[█..............█ █.█
....███.██.█████.█████.....█ █.█
████...███.█ █.███████████ █.█ █


█████ █.█ █......█ █.█ █ █.███ ██████.█ █.█ You could see a meliai.

Vanquished Creatures
  2 two-headed ogres (D:10)
  The ghost of nht the Grappler, a novice TrFi of Ieoh Jian (D:4)
  Maurice (D:8)
  A hippogriff (D:10)
  Grinder (D:6)
  Sigmund (D:6)
  A yak (D:9)
  2 wraiths (D:8)
  Menkaure (D:7)
  2 water moccasins
  3 orc warriors
  2 sky beasts
  A black bear (D:10)
  A phantom (D:9)
  A necrophage (D:8)
  4 ogres
  6 centaurs
  A crocodile (Sewer)
  3 elf zombies
  3 bullfrogs
  An elf skeleton (D:4)
  3 scorpions
  5 killer bees (D:9)
  7 howler monkeys
  A wight (D:8)
  The ghost of DEFE the Ducker, a weakling DEAK of Lugonu (D:3)
  4 crimson imps
  A bullfrog zombie (D:10)
  A centaur zombie (Ossuary)
  5 hounds
  Crazy Yiuf (D:6)
  3 orc priests
  3 centaur skeletons
  8 orc wizards
  3 bullfrog skeletons
  5 human zombies (D:8)
  Terence (D:2)
  8 worker ants
  A human skeleton (D:8)
  2 big kobold zombies (Ossuary)
  A hound zombie (D:5)
  A hound skeleton (D:8)
  3 mummies
  Robin (D:3)
  A howler monkey skeleton (D:6)
  A worker ant zombie (D:5)
  8 gnolls
  10 adders
  A shadow imp (D:8)
  2 oozes
  2 adder skeletons (D:5)
  4 adder zombies
  4 worms
  3 dart slugs
  12 leopard geckos
  34 orcs
  16 giant cockroaches
  17 goblins
  5 hobgoblins
  15 jackals
  A quokka (D:7)
  11 bats
  5 frilled lizards
  8 hobgoblin zombies (Ossuary)
  A jackal zombie (Ossuary)
  15 kobolds
  6 kobold zombies (Ossuary)
  5 orc skeletons
  13 orc zombies (Ossuary)
  A quokka skeleton (D:6)
  15 rats
  A rat zombie (Ossuary)
325 creatures vanquished.

Notes
Turn   | Place    | Note
-------+----------+-------------------------------------------
     0 | D:1      | nht the Troll Fighter began the quest for the Orb.
     0 | D:1      | Reached XP level 1. HP: 22/22 MP: 0/0
   263 | D:1      | Reached XP level 2. HP: 29/29 MP: 1/1
   287 | D:1      | Reached skill level 3 in Unarmed Combat
   571 | D:1      | Reached XP level 3. HP: 35/36 MP: 2/2
  1082 | D:2      | Reached skill level 4 in Unarmed Combat
  1149 | D:2      | Reached XP level 4. HP: 41/44 MP: 3/3
  1387 | D:2      | Noticed Terence
  1412 | D:2      | Killed Terence
  1412 | D:2      | Reached skill level 5 in Unarmed Combat
  1722 | D:2      | Found a shimmering altar of Xom.
  1733 | D:2      | Found a burning altar of Makhleb.
  1882 | D:3      | Found a glowing drain.
  1890 | D:3      | Reached XP level 5. HP: 31/50 MP: 4/4
  1931 | Sewer    | Entered a sewer
  1994 | Sewer    | Noticed a crocodile
  2000 | Sewer    | Killed a crocodile
  2000 | Sewer    | Reached skill level 6 in Unarmed Combat
  2099 | D:3      | Reached XP level 6. HP: 36/59 MP: 5/5
  2159 | D:3      | Noticed a moth of wrath
  2433 | D:3      | Noticed Robin
  2450 | D:3      | Killed Robin
  2560 | D:3      | Noticed DEFE's ghost (weakling DEAK)
  2572 | D:3      | Killed DEFE's ghost
  2572 | D:3      | Reached skill level 7 in Unarmed Combat
  2832 | D:3      | Found a bloodstained altar of Trog.
  3151 | D:4      | Noticed nht's ghost (novice TrFi)
  3163 | D:4      | Killed nht's ghost
  3163 | D:4      | Reached skill level 8 in Unarmed Combat
  3163 | D:4      | Reached XP level 7. HP: 31/66 MP: 2/6
  3214 | D:4      | Found a sacrificial altar of Ru.
  3226 | D:4      | Found a hazy altar of Hepliaklqana.
  3258 | D:4      | Reached skill level 9 in Unarmed Combat
  3428 | D:4      | Found a sand-covered staircase.
  3434 | Ossuary  | Entered an ossuary
  3555 | Ossuary  | Reached XP level 8. HP: 50/74 MP: 4/7
  3631 | Ossuary  | Reached skill level 10 in Unarmed Combat
  3816 | D:5      | Entered Level 5 of the Dungeon
  3936 | D:5      | Found a staircase to the Ecumenical Temple.
  3952 | Temple   | Entered the Ecumenical Temple
  4160 | Temple   | Became a worshipper of Uskayaw the Reveler
  4245 | D:5      | Reached * piety under Uskayaw
  4257 | D:5      | Found a blossoming altar of Fedhas.
  4381 | D:5      | Reached ** piety under Uskayaw
  4404 | D:5      | Reached skill level 11 in Unarmed Combat
  4671 | D:5      | Found an ornate altar of the Ieoh Jian Council.
  4896 | D:6      | Found Wuphup's Antique Weapon Boutique.
  4915 | D:6      | Reached XP level 9. HP: 65/80 MP: 1/8
  4958 | D:6      | Reached skill level 12 in Unarmed Combat
  5237 | D:6      | Noticed Grinder
  5255 | D:6      | Killed Grinder
  5336 | D:6      | Found a shadowy altar of Dithmenos.
  5359 | D:6      | Noticed Sigmund
  5370 | D:6      | Killed Sigmund
  5394 | D:6      | Reached skill level 13 in Unarmed Combat
  5588 | D:6      | Found a runed door.
  5592 | D:6      | Noticed Crazy Yiuf
  5605 | D:6      | Killed Crazy Yiuf
  5926 | D:7      | Found a glowing golden altar of the Shining One.
  6023 | D:7      | Noticed Menkaure
  6030 | D:7      | Killed Menkaure
  6267 | D:8      | Noticed Maurice
  6351 | D:8      | Found Ohuariq's Elemental Accessories.
  6477 | D:8      | Reached *** piety under Uskayaw
  6481 | D:8      | Reached **** piety under Uskayaw
  6486 | D:8      | Reached XP level 10. HP: 54/88 MP: 6/9
  6495 | D:8      | Reached skill level 14 in Unarmed Combat
  6522 | D:8      | Found an ancient bone altar of Kikubaaqudgha.
  6528 | D:8      | Reached ***** piety under Uskayaw
  6591 | D:8      | Killed Maurice
  6814 | D:8      | Noticed a two-headed ogre
  7001 | D:9      | Got an encrusted hunting sling
  7043 | D:9      | Found a staircase to the Lair.
  7207 | D:9      | Noticed a two-headed ogre
  7210 | D:9      | wtf is this spawn
  7217 | D:10     | Entered Level 10 of the Dungeon
  7219 | D:10     | Noticed a two-headed ogre
  7227 | D:10     | Killed a two-headed ogre
  7227 | D:10     | Reached skill level 15 in Unarmed Combat
  7318 | D:10     | Noticed a two-headed ogre
  7322 | D:10     | Reached skill level 1 in Throwing
  7330 | D:10     | Killed a two-headed ogre
  7359 | D:10     | Got a sheer robe
  7370 | D:10     | Identified the cursed +1 robe of the Four Dreams {Dex+3} (You found it on level 10 of the Dungeon)
  7544 | D:10     | Reached XP level 11. HP: 97/97 MP: 8/10
  8211 | D:9      | HP: 4/97 [poisoned by a meliai]
  8214 | D:8      | Succumbed to a meliai's poison

Vault maps used:
D:1:      grunt_arrival_crossed_arrows
D:2:      minmay_roachtagon, amethyst_overflow_temple_binary,
          hangedman_decor_points, hex_large, dk_noncrumbling_3, uniq_terence
D:3:      minmay_door_path, tgw_trog, gup_sewer_entry_pipe, minmay_crystal_room,
          minmay_cupped, uniq_robin
D:4:      lemuel_crystal_altar, old_standard_altar, first_bread,
          nicolae_ossuary_entry_catacombs
D:5:      lemuel_coloured_pillars_altar, minmay_temple_entry_statues_fountains,
          fedhas_altar_3
D:6:      kennysheep_mini, serial_shops, shop, kennysheep_generic_room_12,
          uniq_sigmund, uniq_crazy_yiuf_cottage, uniq_grinder
D:7:      nicolae_tso_swordbearing_angel, uniq_menkaure
D:8:      lemuel_mausoleum_altar_kikubaaqudgha, nicolae_elemental_shop,
          uniq_maurice
D:9:      lair_entry_dummy
Temple:   nicolae_temple_figure_eight
Sewer:    sewer_the_crocodile
Ossuary:  ossuary_tomb_1

Skill      XL: |  1  2  3  4  5  6  7  8  9 10 |
---------------+-------------------------------+-----
Unarmed Combat | 3 4 5 6 8 9 11 13 15 | 15.5
Throwing       | 2 |  2.5
Fighting       | 3 |  3.3
Shields        | 3 |  3.5
Dodging        | |  2.4

Action                   |  1- 3 |  4- 6 |  7- 9 | 10-12 || total
-------------------------+-------+-------+-------+-------++-------
Melee: Unarmed           |   104 |   234 |   411 |   198 ||   947
Invok: Stomp             |       |       |    18 |     4 ||    22
       Line Pass         |       |       |       |     6 ||     6
Evoke: Wand              |       |       |       |    12 ||    12
  Use: Scroll            |       |     6 |     3 |     4 ||    13
       Potion            |       |     1 |     4 |     2 ||     7
 Stab: Sleeping          |       |     1 |       |     1 ||     2
       Paralysed         |       |       |       |     7 ||     7
       Confused          |       |       |       |     2 ||     2
  Eat: Chunk             |    16 |    19 |    33 |    18 ||    86
Armor: Robe              |    37 |    74 |    89 |    58 ||   258
Dodge: Dodged            |    29 |    65 |    86 |    61 ||   241
Block: Shield            |    43 |   125 |   120 |    86 ||   374
